 Seeded DCSS version 0.28-a0-1555-g9ae15a6949 (webtiles) character file.

Game seed: 94 (custom seed)

1 knot the Skirmisher (level 1, 0/18 HPs)
             Began as a Demonspawn Berserker on Jan 19, 2022.
             Was a Follower of Trog.
             Constricted to death by a ball python (1 damage)
             ... on level 1 of the Dungeon.
             The game lasted 00:00:07 (22 turns).

knot the Skirmisher (Demonspawn Berserker)            Turns: 22, Time: 00:00:08

Health: 0/18       AC:  2    Str: 17    XL:     1   Next: 16%
Magic:  1/1        EV:  9    Int:  8    God:    Trog [*.....]
Gold:   0          SH:  0    Dex: 12    Spells: 0/0 levels left

rFire   . . .      SeeInvis .   a - +0 hand axe
rCold   . . .      Faith    .   (no shield)
rNeg    . . .      Spirit   .   b - +0 animal skin
rPois   .          Reflect  .   (no helmet)
rElec   .          Harm     .   (no cloak)
rCorr   .          Rampage  .   (no gloves)
Will    .....                   (no boots)
Stlth   +.........              (no amulet)
HPRegen 0.06/turn               (no ring)
MPRegen 0.07/turn               (no ring)

@: constricted
A: no striking features
a: Renounce Religion, Berserk


You were on level 1 of the Dungeon.
You worshipped Trog.
Trog was aware of your devotion.
You visited 1 branch of the dungeon, and saw 1 of its levels.

Inventory:

Hand Weapons
 a - a +0 hand axe (weapon)
Armour
 b - a +0 animal skin (worn)


   Skills:
 - Level 3.0 Fighting
 + Level 2.8 Axes
 - Level 1.7 Armour
 - Level 1.7 Dodging


You couldn't memorise any spells.
You didn't know any spells.
Your spell library was empty.

Dungeon Overview and Level Annotations

Branches:
Dungeon (1/15)

Altars:


Message History

You open the large door.
There is a large open door here.
An endoplasm comes into view.
An endoplasm is nearby!
A ball python comes into view.
There are monsters nearby!
Found a bubbling green potion.
There are monsters nearby!
A kobold comes into view. It is wielding a +0 dagger.
The helpless endoplasm fails to defend itself.
You slash the endoplasm!
You kill the endoplasm!
Trog accepts your kill.
The kobold shouts!
The ball python hisses angrily.
You hear a shout!
The ball python closely misses you. The ball python misses you.
You hit the ball python but do no damage.
The ball python barely misses you. The ball python closely misses you.
You barely miss the ball python. The ball python bites you.
The ball python grabs you. The ball python constricts you.
The ball python closely misses you. The ball python constricts you.
You closely miss the ball python. The ball python bites you.
The ball python constricts you.
You hit the ball python but do no damage.
You barely miss the kobold. The ball python bites you.
The ball python constricts you. The kobold closely misses you.
A giant cockroach comes into view.
You hit the ball python.
The ball python is heavily wounded.
You barely miss the kobold. The ball python closely misses you.
The ball python constricts you. The kobold hits you with a +0 dagger.
The ball python bites you. The ball python constricts you.
The kobold hits you with a +0 dagger.
* * * LOW HITPOINT WARNING * * *
You escape the ball python's grasp.
The kobold hits you with a +0 dagger.
* * * LOW HITPOINT WARNING * * *
The ball python bites you.
* * * LOW HITPOINT WARNING * * *
The ball python grabs you. The ball python constricts you.
You die...

#### ♣..♣♣♣###
♣.<♣Y♣#.. #
#..####.#
#..#''#..#.#
#........#.#
#..♣♣♣♣♣.#@#
#..## #.#S#
.......##.KB##
.. ###
#!......#...#
#######.......#
.........###..#
..##....## ...#
#.##.# ..# #.
..# ...


You could see a giant cockroach, a ball python and a kobold.

Vanquished Creatures
  An endoplasm (D:1)
1 creature vanquished.

Notes
Turn   | Place    | Note
-------+----------+-------------------------------------------
     0 | D:1      | knot the Demonspawn Berserker began the quest for the Orb.
     0 | D:1      | Reached XP level 1. HP: 18/18 MP: 1/1
     4 | D:1      | Noticed a death yak
    22 | D:1      | Constricted to death by a ball python

Illustrated notes

Levels and vault maps discovered:
D:1:      sevenhm_arrival_forest_fort_small_2, layout_rooms,
          ebering_ecumenical_altar_petrified, serial_shops, shop,
          hangedman_decor_diamond_cutter, st_stairs_10, grunt_decor_resistance,
          minmay_pentomino_q2

Action                   || total
-------------------------++-------
Melee: Hand axe          ||     6
 Stab: Sleeping          ||     1
Dodge: Dodged            ||     7

Table legend: (Time is in decaauts)
 A = Elapsed time spent in this place.
 B = Non-inter-level travel time spent in this place.
 C = Inter-level travel time spent in this place.
 D = Time resting spent in this place.
 E = Time spent auto-exploring this place.
 F = Levels seen in this place.
 G = Mean time per level.
                   A        B        C        D        E       F      G
               +--------+--------+--------+--------+--------+-----+--------+
         Total |     23 |     23 |      0 |      0 |      5 |   1 |   23.0 |
       Dungeon |     23 |     23 |      0 |      0 |      5 |   1 |   23.0 |
               +--------+--------+--------+--------+--------+-----+--------+

Top non-repeatable levels by time:
     D:1: 23 daAuts
